Unix NetHack Version 5.0.0-0 post-release - last build May 10 2026 23:12:36 (d1fa5d53e341ca933230fdaa984d921c805b60aa,branch:main).

Game began 2026-05-12 18:11:42, ended 2026-05-12 18:40:32.

DrabEmordnilap, neutral male human Healer

                         --
                        --.--
                        |...|
                        |...|
                        |...--- --
                        |.....--.---
                        |..........--- ----
                        |G................-
                       --....G..........|
                    ----.....d...----  --
                    |.....GG@....--
                    -- --.........-
                        #-...----..-
                      .#.....-   -...
                   ...(..--...     ...
                 -......  --..|     |..
                 --...     ----      -...
                 ....                  ....
               .....                    ...|
              ------                    -.--
                                         --
DrabEmordnilap the Rhizotomist  St:8 Dx:10 Co:17 In:9 Wi:16 Ch:16  Neutral
Dlvl:5  $:1971 HP:0(15) Pw:5(5) AC:8  Xp:1/13 T:1694 

Latest messages:
 What do you want to use or apply? [flsuwyCHJ or ?*] s
 In what direction? 9
 Status of Sparkles (neutral, medium):  Level 6  HP 32(46)  AC 4, tame.
 What do you want to use or apply? [flsuwyCHJ or ?*] s
 In what direction? 3
 Status of Sparkles (neutral, medium):  Level 6  HP 33(46)  AC 4, tame.
 What do you want to use or apply? [flsuwyCHJ or ?*] s
 In what direction? 3
 Status of Sparkles (neutral, medium):  Level 6  HP 34(46)  AC 4, tame.
 You descend the stairs.
 Sparkles misses the gnome lord.
 The gnome lord hits!
 The gnome throws a dart!
 A dart misses you.
 Sparkles misses the gnome lord.
 Sparkles misses the gnome lord.
 The gnome lord picks up a dart.
 Sparkles misses the gnome lord.
 Sparkles misses the gnome lord.
 Sparkles bites the gnome lord.
 The gnome lord hits Sparkles.
 The gnome lord hits!
 Sparkles bites the gnome lord.
 The gnome lord hits Sparkles.
 The gnome picks up a broad short sword.
 The gnome wields a crossbow!
 What do you want to use or apply? [flsuwyCHJ or ?*] s
 In what direction? 4
 Status of Sparkles (neutral, medium):  Level 6  HP 26(46)  AC 4, tame.
 Sparkles bites the gnome lord.
 The gnome lord is killed!
 The gnome wields a broad short sword!
 Sparkles eats a gnome lord corpse.
 You swap places with Sparkles.
 The gnome shoots 2 crossbow bolts!
 You are hit by the 1st crossbow bolt.
 The 2nd crossbow bolt misses you.
 The gnome picks up a crossbow bolt.
 The gnome picks up a yellow gem.
 The gnome shoots 2 crossbow bolts!
 You are hit by the 1st crossbow bolt.
 You are hit by the 2nd crossbow bolt.
 The gnome thrusts her broad short sword.
 The gnome hits!
 You die...
 Do you want your possessions identified? [ynq] (y) y
 Do you want to see your attributes? [ynq] (y) y
 Do you want an account of creatures vanquished? [ynaq] (y) y
 Do you want to see your conduct and achievements? [ynq] (y) y
 Do you want to see the dungeon overview? [ynq] (y) y

Inventory:
 Coins    ('$')
  $ - 1971 gold pieces
 Weapons  (')')
  q - a blessed +2 dart
  p - 39 +0 darts
  I - a +0 elven dagger named uc
  a - a +0 scalpel (weapon in right hand)
 Armor    ('[')
  b - an uncursed +1 pair of leather gloves (being worn)
  K - an uncursed +0 dwarvish cloak (being worn)
 Comestibles  ('%')
  A - an uncursed taco
  j - 5 uncursed apples
  k - an uncursed food ration
  G - an uncursed rotten tin of newt meat
 Scrolls  ('?')
  o - an uncursed scroll of identify
  n - an uncursed scroll of scare monster
 Spellbooks  ('+')
  H - an uncursed spellbook of charm monster
 Potions  ('!')
  e - 4 uncursed potions of extra healing
  F - a cursed potion of gain ability
  x - a cursed potion of gain energy
  d - 8 uncursed potions of healing
  v - an uncursed potion of oil
  m - 2 uncursed potions of paralysis
  D - an uncursed potion of water
 Rings    ('=')
  z - a cursed -2 ring of protection named cursed
 Wands    ('/')
  y - a wand of digging (0:7)
  f - a wand of sleep (0:5)
 Tools    ('(')
  w - a cursed magic whistle named cursed
  l - an uncursed oil lamp
  s - an uncursed stethoscope
  J - an uncursed tallow candle
  u - an uncursed tin whistle
 Gems/Stones  ('*')
  C - an uncursed luckstone

DrabEmordnilap the Healer's attributes:

Background:
 You were a Rhizotomist, a level 1 male human Healer.
 You were neutral, nominally on a mission for Hermes
 who was opposed by Athena (lawful) and Poseidon (chaotic).
 You were right-handed.
 You were in the Gnomish Mines, on level 5.
 You entered the dungeon 1694 turns ago.
 You had 13 experience points, 7 more were needed to attain level 2.

Basics:
 You had 0 out of 15 hit points.
 You had all 5 energy points (spell power).
 Your armor class was 8.
 Your wallet contained 1971 zorkmids.
 Autopickup was off.

Final Characteristics:
 Your strength was 8 (limit:18/100).
 Your dexterity was 10 (limit:18).
 Your constitution was 17 (limit:18).
 Your intelligence was 9 (limit:18).
 Your wisdom was 16 (limit:18).
 Your charisma was 16 (limit:18).

Final Status:
 You weren't hungry.
 You were unencumbered.
 You were wielding a knife.
 You had basic skill with knife.

Final Attributes:
 You were devoutly aligned.
 Your items were somewhat protected from fire.
 Your items were somewhat protected from cold.
 You were poison resistant.
 You were warded.
 You were lucky.
 You had extra luck.
 Bad luck did not time out for you.
 Good luck did not time out for you.
 You are dead.

Miscellaneous:
 You didn't encounter any bones levels.
 Total elapsed playing time was 28 minutes and 47 seconds.

Major events:
 Turn
    1: DrabEmordnilap the neutral male human Healer entered the dungeon
 1093: entered the Gnomish Mines
 1694: killed by a gnome

Spells:
 Name                 Level Category     Fail Retention
 healing                1   healing        0%  91%-100%
 extra healing          3   healing       54%  91%-100%
 stone to flesh         3   healing       64%  91%-100%

Skills:
 Fighting Skills
   bare handed combat [Unskilled]
 Weapon Skills
   dagger             [Unskilled]
   knife              [Basic]
   short sword        [Unskilled]
   saber              [Unskilled]
   club               [Unskilled]
   mace               [Unskilled]
   quarterstaff       [Unskilled]
   polearms           [Unskilled]
   spear              [Unskilled]
   trident            [Unskilled]
   sling              [Unskilled]
   dart               [Unskilled]
   shuriken           [Unskilled]
   unicorn horn       [Unskilled]
 Spellcasting Skills
   healing spells     [Basic]

Voluntary challenges:
 Character rerolling was not enabled.
 You followed a strict vegan diet.
 You were an atheist.
 You never genocided any monsters.
 You never polymorphed an object.
 You never changed form.
 You used no wishes.
Achievement:
 You entered the Gnomish Mines.

 The Dungeons of Doom: levels 1 to 5
    Level 1:
    Level 2:
       A fountain.
    Level 3: "temp stash"
    Level 4:
       Some fountains.
       Stairs down to The Gnomish Mines.
    Level 5:
       A grave.
 The Gnomish Mines:
    Level 5: <- You were here.
       Final resting place for
          you, killed by a gnome.
 The Tutorial: levels 1 to 2
    Level 1:
       A tree.
    Level 2:


Vanquished creatures:
  a shrieker
  a gnome leader
  2 dwarves
  a hobbit
  2 giant rats
  a brown mold
  a yellow mold
  a green mold
  4 gnomes
  3 geckos
  5 jackals
  2 kobolds
  a goblin
  3 grid bugs
  a lichen
  6 newts
35 creatures vanquished.

No species were genocided or became extinct.

Game over:
                       ----------
                      /          \
                     /    REST    \
                    /      IN      \
                   /     PEACE      \
                  /                  \
                  |  DrabEmordnilap  |
                  |     1971 Au      |
                  |   killed by a    |
                  |      gnome       |
                  |                  |
                  |                  |
                  |       2026       |
                 *|     *  *  *      | *
        _________)/\\_//(\/(/\)/\//\/|_)_______

Goodbye DrabEmordnilap the Healer...

You died in The Gnomish Mines on dungeon level 5 with 324 points,
and 1971 pieces of gold, after 1694 moves.
You were level 1 with a maximum of 15 hit points when you died.

